 Dungeon Crawl Stone Soup version 0.30-b1-2-g02819fbbbe (webtiles) character file.

Game seed: 598466436776831902

162 raph the Chiller (level 5, -3/35 HPs)
             Began as a Merfolk Ice Elementalist on June 22, 2023.
             Slain by an ogre
             ... wielding a +0 giant club
              (29 damage)
             ... on level 4 of the Dungeon.
             The game lasted 00:05:38 (4209 turns).

raph the Chiller (Merfolk Ice Elementalist)         Turns: 4209, Time: 00:05:39

Health: -3/35      AC: 10    Str:  9    XL:     5   Next: 43%
Magic:  1/8        EV: 13    Int: 20    God:
Gold:   68         SH:  0    Dex: 20    Spells: 1/8 levels left

rFire   . . .        f - +0 dagger
rCold   . . .        (no shield)
rNeg    . . .        a - +0 robe
rPois   .            (no helmet)
rElec   .            n - +0 cloak
rCorr   +            (no gloves)
SInv    .            (no boots)
Will    .....        (no amulet)
Stlth   ++           d - ring "Upuiphik" {rCorr Int+4 Dex+6}
HPRegen 0.25/turn    (no ring)
MPRegen 0.11/turn

%: no passive effects
@: ice-armoured
A: (nimble swimmer 2), mertail
a: no special abilities


You were on level 4 of the Dungeon.
You visited 1 branch of the dungeon, and saw 4 of its levels.

You collected 183 gold pieces.
You spent 115 gold pieces at shops.

Inventory:

Hand Weapons
 f - a +0 dagger (weapon)
Missiles
 g - 4 atropa-tipped darts
 h - 3 boomerangs
 o - 5 poisoned darts
Armour
 a - a +0 robe (worn)
 n - a +0 cloak (worn)
Jewellery
 c - an amulet of guardian spirit
 d - the ring "Upuiphik" (left hand) {rCorr Int+4 Dex+6}
   (You acquired it on level 3 of the Dungeon)

   [ring of dexterity]

   Int:       It affects your intelligence (+4).
   Dex:       It affects your dexterity (+6).
   rCorr:     It protects you from acid and corrosion.
 j - a +6 ring of strength
 r - an amulet of faith
Wands
 i - a wand of roots (13)
Scrolls
 l - a scroll of immolation
 u - a scroll of blinking
Potions
 b - 3 potions of magic
 e - a potion of haste
 k - 3 potions of curing
 m - a potion of lignification {unknown}
 q - a potion of flight {unknown}
 s - 2 potions of mutation
 t - a potion of degeneration {unknown}


   Skills:
 - Level 2.6 Dodging
 - Level 2.1 Stealth
 + Level 2.2 Spellcasting
 * Level 7.0 Ice Magic


You had one spell level left.
You knew the following spells:

 Your Spells              Type           Power      Damage    Failure   Level
a - Freeze                Ice            100%       1d10      1%          1
b - Frozen Ramparts       Ice            60%        1d10      2%          3
c - Ozocubu's Armour      Ice            30%        N/A       2%          3

Your spell library contained the following spells:

 Spells                   Type           Power      Damage    Failure   Level
 Apportation              Tloc           4%         N/A       16%         1
 Necrotise                Necr           8%         1d4       16%         1
 Summon Small Mammal      Summ           8%         N/A       16%         1
 Summon Ice Beast         Ice/Summ       16%        N/A       34%         4
 Leda's Liquefaction      Hex/Erth       1%         N/A       83%         4
 Lee's Rapid Deconstruct  Erth           1%         3d4*      99%         5
 Simulacrum               Ice/Necr       8%         N/A       99%         6
 Statue Form              Tmut/Erth      1%         N/A       100%        6
 Ozocubu's Refrigeration  Ice            15%        4d10      100%        7
 Polar Vortex             Ice            15%        N/A       100%        9


Dungeon Overview and Level Annotations

Branches:
Dungeon (4/15)
 Temple: D:4-7

Altars:
Uskayaw
The Shining One

Shops:
D:3 ?

Annotations:
D:3 3 runed translucent doors, diceflayer's ghost, weakling DsHu


Innate Abilities, Weirdness & Mutations

((You are very nimble when in or above water. (Stealth+, EV+, Speed+++)))
Your lower body shifts to a powerful aquatic tail in water.


Message History

There is a stone staircase leading down here.
You climb downwards.
Found 7 stones.
There is a stone staircase leading up here.
A kobold comes into view. It is wielding a +0 dagger.
A gnoll comes into view. It is wielding a +0 flail.
Casting: Frozen Ramparts (dangerous; 2% risk of failure)
Confirm with . or Enter, or press ? or * to list all spells.
Casting: Frozen Ramparts (dangerous; 2% risk of failure)
Press: ? - help, Dir - look around, f - activate The walls around you are covered in ice.
The kobold shouts!
You hear a shout!
An ogre comes into view. It is wielding a +0 giant club.
A gnoll comes into view. It is wielding a +4 spear.
The wall freezes the ogre!
A gnoll comes into view. It is wielding a +0 club.
Casting: Frozen Ramparts (dangerous; 2% risk of failure)
Confirm with . or Enter, or press ? or * to list all spells.
A film of ice covers your body!
The wall freezes the ogre.
The ogre hits you with a +0 giant club!
You hit the ogre.
The ogre is heavily wounded.
The wall freezes the gnoll.
The gnoll closely misses you.
Aiming: Freeze (safe; 1% risk of failure)
Press: ? - help, Q - select action, (/) - cycle Shift-Dir - straight line, f - gnoll
Aim: a gnoll, wielding a +0 flail (moderately wounded)
You freeze the gnoll!
The gnoll is almost dead.
The wall freezes the ogre.
The ogre barely misses you.
The wall freezes the gnoll.
You kill the gnoll!
Aiming: Freeze (safe; 1% risk of failure)
Press: ? - help, Q - select action, (/) - cycle Shift-Dir - straight line, f - ogre
Aim: an ogre, wielding a +0 giant club (heavily wounded)
You freeze the ogre.
The ogre is heavily wounded.
The frozen ramparts melt away.
The ogre hits you with a +0 giant club!!
Ouch! That really hurt!
You die...

.... ... # ...
.. .. ..# ###
####.#...#
##...##.#.......
#.....<.#).g....
#.......@#
........(O#
............
..............
#...............
#.#.............
###.#...........
###...........


You could see an ogre and a gnoll.

Vanquished Creatures
  Ijyb (D:3)
  A gnoll (D:4)
  6 adders
  3 dart slugs
  2 worms
  An orc (D:3)
  2 endoplasms
  3 giant cockroaches (D:3)
  3 goblins
  5 hobgoblins
  10 jackals
  7 kobolds
  A quokka (D:1)
  6 ball pythons
  6 bats
  2 frilled lizards
  2 rats
61 creatures vanquished.

Notes
Turn   | Place    | Note
-------+----------+-------------------------------------------
     0 | D:1      | raph the Merfolk Ice Elementalist began the quest for the
                  | Orb.
     0 | D:1      | Reached XP level 1. HP: 13/13 MP: 3/3
   333 | D:1      | Reached XP level 2. HP: 19/19 MP: 3/5
   514 | D:1      | Reached skill level 5 in Ice Magic
   757 | D:1      | Found a faded altar of an unknown god.
  1117 | D:2      | Reached XP level 3. HP: 24/24 MP: 4/6
  1150 | D:2      | Learned a level 3 spell: Frozen Ramparts
  1918 | D:2      | Reached skill level 6 in Ice Magic
  1987 | D:2      | Reached XP level 4. HP: 28/30 MP: 3/7
  2219 | D:3      | Found a hide-covered altar of Uskayaw.
  2292 | D:3      | Found a runed translucent gate.
  2292 | D:3      | Found a runed translucent gate.
  2292 | D:3      | Found a runed translucent gate.
  2298 | D:3      | Noticed diceflayer's ghost (weakling DsHu)
  2317 | D:3      | Found Muavupp's Magic Scroll Boutique.
  2325 | D:3      | Bought a scroll of blinking for 75 gold pieces
  2325 | D:3      | Bought a scroll of identify for 20 gold pieces
  2325 | D:3      | Bought a scroll of identify for 20 gold pieces
  2329 | D:3      | Identified a scroll of acquirement
  2329 | D:3      | Acquired the ring "Upuiphik" {rCorr Int+4 Dex+6}
  2480 | D:3      | Noticed Sigmund
  3366 | D:3      | Learned a level 3 spell: Ozocubu's Armour
  3505 | D:3      | Reached XP level 5. HP: 32/35 MP: 4/8
  3610 | D:3      | Noticed Ijyb
  3621 | D:3      | Killed Ijyb
  3623 | D:3      | Reached skill level 7 in Ice Magic
  3762 | D:3      | Found a glowing golden altar of the Shining One.
  4203 | D:4      | Noticed an ogre
  4209 | D:4      | Slain by an ogre

Illustrated notes

Levels and vault maps discovered:
D:1:      zaba_arrival_water, layout_rooms, hellmonk_ecumenical_altar_lost_god,
          serial_co_window_serial, co_window_corner_a, co_window_paths_b,
          co_window_paths_b, co_window_cross_1, co_window_of_opportunity_a,
          co_window_paths_a, co_window_corner_a, co_window_of_opportunity_b,
          co_window_cross_2, co_window_2corner, co_window_of_opportunity_c,
          co_window_corner_cb, co_window_broadway_a, co_window_unsneaky_path_e,
          glass_columns_b, glass_columns_c
D:2:      layout_loops_corners
D:3:      layout_basic, nicolae_uskayaw_murder_on_the_dancefloor,
          lemuel_tele_altar, serial_shops, nicolae_shop_advertising_works
          [nicolae_subvault_shop_adworks], gammafunk_ghost_necromancy,
          kennysheep_another_room, minmay_checkerbox, uniq_sigmund, uniq_ijyb
D:4:      layout_cave_pools, serial_shops, nicolae_take_the_stairs

Skill      XL: |  1  2  3  4  5 |
---------------+----------------+-----
Ice Magic      | 5 6 7 |  7.0
Dodging        | |  2.6
Stealth        | |  2.1
Spellcasting   | |  2.2

Action                     |  1- 3 |  4- 6 || total
---------------------------+-------+-------++-------
  Melee: Unarmed           |     2 |       ||     2
         Dagger            |    11 |    14 ||    25
         Punch             |       |     1 ||     1
   Cast: Freeze            |    46 |     9 ||    55
         Frozen Ramparts   |       |    14 ||    14
         Ozocubu's Armour  |       |     1 ||     1
    Use: Scroll            |       |     8 ||     8
   Stab: Sleeping          |     4 |     1 ||     5
 Armour: Robe              |     4 |     6 ||    10
  Dodge: Dodged            |    34 |    13 ||    47
